 Dungeon Sprint DCSS version 0.31-a0-881-ge136f0c47a (webtiles) character file.

Game seed: 16407255806780477047

865 rocky1 the Spear-Bearer (level 7, -3/59 HPs)
             Began as a Demonspawn Gladiator on Oct 16, 2023.
             Was a Believer of Qazlal.
             Slain by a neqoxec (11 damage)
             ... in the Dungeon (Sprint II: "The Violet Keep of Menkaure").
             The game lasted 00:01:39 (384 turns).

rocky1 the Spear-Bearer (Demonspawn Gladiator)       Turns: 384, Time: 00:01:41

Health: -3/59      AC:  5    Str: 13 (14) XL:     7   Next: 72%
Magic:  12/12      EV: 15    Int:  4 (7)  God:    Qazlal [**....]
Gold:   486        SH:  7    Dex: 15      Spells: 6/6 levels left

rFire   . . .        a - +0 trident
rCold   . . .        (no shield)
rNeg    . . .        b - +0 leather armour
rPois   .            (helmet restricted)
rElec   .            (no cloak)
rCorr   .            (no gloves)
SInv    .            (no boots)
Will    .....        (no amulet)
Stlth   +            (no ring)
HPRegen 0.29/turn    (no ring)
MPRegen 0.13/turn

%: no teleportation
@: no status effects
A: antennae 1, icemail 1, powered by death 1, condensation shield, deformed
body, deterioration 1, dopey 1, screaming 2, weak 1
a: Renounce Religion, Upheaval


You were in the Dungeon.
You worshipped Qazlal.
Qazlal was pleased with you.
You visited 1 branch You collected 486 gold pieces.

Inventory:

Hand Weapons
 a - a +0 trident (weapon)
Missiles
 e - a javelin
Armour
 b - a +0 leather armour (worn)
 c - a +0 helmet
Scrolls
 k - a scroll of blinking
Potions
 f - a potion of curing
 g - a potion of heal wounds
 i - 2 potions of magic


   Skills:
 + Level 6.8 Fighting
 + Level 9.9 Polearms
 - Level 4.4 Throwing
 + Level 3.0 Armour
 + Level 8.5 Dodging
 - Level 0.4 Shields
 * Level 7.0 Invocations


You had 6 spell levels left.
You didn't know any spells.
Your spell library was empty.

Dungeon Overview and Level Annotations

Branches:
Dungeon (1/1)

Altars:
Cheibriados
Dithmenos
Fedhas
Gozag
Hepliaklqana
Kikubaaqudgha
Makhleb
Nemelex Xobeh
Okawaru
Qazlal
Ru
Sif Muna
Trog
Uskayaw
Vehumet
Wu Jian
Xom
Yredelemnul
Jiyva
Lugonu

Annotations:
D exclusion: orange crystal statue


Innate Abilities, Weirdness & Mutations

You have a pair of small antennae on your head.
A meltable icy envelope protects you from harm. (AC +4)
You regenerate a little health from kills.
A meltable shield of frost defends you. (SH +4)
Armour fits poorly on your strangely shaped body.
Your body sometimes deteriorates upon taking damage.
You are dopey. (Int -2)
You frequently scream uncontrollably at your foes.
You are weak. (Str -2)


Message History

The neqoxec is almost dead.
The neqoxec closely misses you.
You hit the neqoxec.
The neqoxec is almost dead.
The neqoxec hits you but does no damage.
You closely miss the neqoxec.
The neqoxec is almost dead.
The neqoxec hits you!
* * * LOW HITPOINT WARNING * * *
Your body deteriorates!
You feel weakened.
You hit the neqoxec but do no damage.
The neqoxec is almost dead.
The neqoxec hits you.
* * * LOW HITPOINT WARNING * * *
You closely miss the neqoxec.
The neqoxec is almost dead.
You hit the neqoxec but do no damage.
The neqoxec is almost dead.
The neqoxec gestures at you.
Something tries to feed on your intellect!
You hit the neqoxec but do no damage.
The neqoxec is almost dead.
The neqoxec hits you!
* * * LOW HITPOINT WARNING * * *
You hit the neqoxec but do no damage.
The neqoxec is almost dead.
The neqoxec gestures at you.
You feel dopey. Something feeds on your intellect!
You closely miss the neqoxec.
The neqoxec is almost dead.
The neqoxec gestures at you.
You feel dopey. Something feeds on your intellect!
You closely miss the neqoxec.
The neqoxec is almost dead.
You barely miss the neqoxec.
The neqoxec is almost dead.
The neqoxec hits you!
You die...

.. ### ##.#### .###
..##. ...# ...# # .(.
###..## #..# ##. #3#
#.##..# +..#
#$B.##@###..#..# #.^#
#+.<.+†##'..####..##
#..B##.###..#....###...
##. ##†###.##.....†~~~~
# ##.#.####§~.....~#'#
#..#..#~~§~~§~§.~#..
##...##~~~~§§~~.~#_.
##+##~~§≈≈≈§~§~~#._
~~~~~~≈≈≈≈§~~#_.


You could see a neqoxec.

Vanquished Creatures
  3 neqoxecs (D)
  4 necrophages (D)
  4 scorpions (D)
11 creatures vanquished.

Vanquished Creatures (others)
  A water moccasin (D)
1 creature vanquished.

Grand Total: 12 creatures vanquished

Notes
Turn   | Place    | Note
-------+----------+-------------------------------------------
     0 | D        | rocky1 the Demonspawn Gladiator began the quest for the
                  | Orb.
     0 | D        | Reached XP level 1. HP: 16/16 MP: 1/1
     1 | D        | Noticed a scorpion
     1 | D        | Noticed a scorpion
     7 | D        | Killed a scorpion
     8 | D        | Reached skill level 5 in Polearms
     8 | D        | Reached skill level 5 in Dodging
     8 | D        | Gained mutation: A meltable shield of frost defends you.
                  | (SH +4) [demonic ancestry]
     8 | D        | Reached XP level 2. HP: 24/24 MP: 2/2
     8 | D        | Gained mutation: You regenerate a little health from kills.
                  | [demonic ancestry]
     8 | D        | Reached XP level 3. HP: 29/29 MP: 3/3
    12 | D        | Killed a scorpion
    13 | D        | Reached XP level 4. HP: 37/37 MP: 4/4
    50 | D        | Killed a water moccasin
    66 | D        | Noticed a scorpion
    66 | D        | Noticed a scorpion
    81 | D        | Killed a scorpion
    82 | D        | Reached skill level 6 in Polearms
    82 | D        | Reached skill level 1 in Armour
    82 | D        | Gained mutation: A meltable icy envelope protects you from
                  | harm. (AC +4) [demonic ancestry]
    82 | D        | Reached XP level 5. HP: 21/42 MP: 5/5
    88 | D        | Reached skill level 7 in Polearms
   208 | D        | Found an ornate altar of the Wu Jian Council.
   209 | D        | Found a shimmering altar of Xom.
   209 | D        | Found a sacrificial altar of Ru.
   210 | D        | Found a basalt altar of Yredelemnul.
   210 | D        | Found a shimmering blue altar of Sif Muna.
   211 | D        | Found a bloodstained altar of Trog.
   211 | D        | Found an ancient bone altar of Kikubaaqudgha.
   211 | D        | Found a stormy altar of Qazlal.
   211 | D        | Found a viscous altar of Jiyva.
   212 | D        | Found a hide-covered altar of Uskayaw.
   212 | D        | Found a corrupted altar of Lugonu.
   212 | D        | Found a shadowy altar of Dithmenos.
   213 | D        | Found a radiant altar of Vehumet.
   213 | D        | Found a burning altar of Makhleb.
   214 | D        | Found a sparkling altar of Nemelex Xobeh.
   214 | D        | Found a blossoming altar of Fedhas.
   216 | D        | Found an iron altar of Okawaru.
   216 | D        | Found an opulent altar of Gozag.
   216 | D        | Found a hazy altar of Hepliaklqana.
   216 | D        | Found a snail-covered altar of Cheibriados.
   223 | D        | Noticed an orange crystal statue
   224 | D        | Became a worshipper of Qazlal Stormbringer
   249 | D        | Noticed a boulder beetle
   249 | D        | Noticed a boulder beetle
   263 | D        | Reached skill level 5 in Fighting
   263 | D        | Gained mutation: You have a pair of small antennae on your
                  | head. [demonic ancestry]
   263 | D        | Reached XP level 6. HP: 44/51 MP: 5/7
   274 | D        | Reached skill level 8 in Polearms
   283 | D        | Reached * piety under Qazlal
   312 | D        | Noticed a neqoxec
   312 | D        | Noticed a neqoxec
   312 | D        | Noticed a neqoxec
   312 | D        | Noticed a neqoxec
   331 | D        | Killed a neqoxec
   332 | D        | Reached skill level 9 in Polearms
   332 | D        | Reached skill level 5 in Invocations
   332 | D        | Reached XP level 7. HP: 37/58 MP: 9/11
   335 | D        | Gained mutation: You are dopey. (Int -2) [a neqoxec]
   338 | D        | Gained mutation: You occasionally shout uncontrollably at
                  | your foes. [a neqoxec]
   347 | D        | Gained mutation: You are weak. (Str -2) [a neqoxec]
   348 | D        | Gained mutation: Your body sometimes deteriorates upon
                  | taking damage. [a neqoxec]
   352 | D        | Killed a neqoxec
   352 | D        | Reached ** piety under Qazlal
   359 | D        | Gained mutation: Armour fits poorly on your strangely
                  | shaped body. [a neqoxec]
   365 | D        | Killed a neqoxec
   370 | D        | Gained mutation: You frequently scream uncontrollably at
                  | your foes. [a neqoxec]
   384 | D        | Slain by a neqoxec

Illustrated notes

Levels and vault maps discovered:
D:        the_violet_keep_of_menkaure [sprint2_stairs_cluster_1,
          sprint2_shoproom, sprint2_temple, sprint2_basic_supplies,
          sprint2_obstacle_6, sprint2_obstacle_4, sprint2_obstacle_1,
          sprint2_obstacle_7, sprint2_obstacle_5, sprint2_timed_cluster_1,
          sprint2_smallroom_cluster_1, sprint2_smallroom_final_cluster_1,
          sprint2_transparent_cluster_1, sprint2_second_timed_cluster_1,
          sprint2_sniper_area_1, sprint2_heavy_combat_area_1,
          sprint2_mutation_trap_area_1, sprint2_forest_area_1,
          sprint2_light_combat_area_1, sprint2_behind_water_1,
          sprint2_near_end_vault_1]

Skill      XL: |  1  2  3  4  5  6  7 |
---------------+----------------------+-----
Fighting       | 3 4 5 6 |  6.8
Polearms       | 5 6 7 9 |  9.9
Throwing       | 2 3 4 |  4.4
Dodging        | 5 6 7 8 |  8.5
Armour         | 1 2 3 |  3.0
Invocations    | 2 5 7 |  7.0
Shields        | |  0.4

Action                     |  1- 3 |  4- 6 |  7- 9 || total
---------------------------+-------+-------+-------++-------
  Melee: Trident           |    10 |    67 |    52 ||   129
  Throw: Throwing net      |       |     5 |       ||     5
    Use: Potion            |     1 |     1 |       ||     2
 Armour: Leather armour    |     4 |    22 |    11 ||    37
  Dodge: Dodged            |     2 |    29 |     9 ||    40
  Block: Other             |     1 |     7 |     2 ||    10

Table legend: (Time is in decaauts)
 A = Elapsed time spent in this place.
 B = Non-inter-level travel time spent in this place.
 C = Inter-level travel time spent in this place.
 D = Time resting spent in this place.
 E = Time spent auto-exploring this place.
 F = Levels seen in this place.
 G = Mean time per level.
                   A        B        C        D        E       F      G
               +--------+--------+--------+--------+--------+-----+--------+
         Total |    374 |    374 |      0 |    191 |      0 |   1 |  374.0 |
       Dungeon |    374 |    374 |      0 |    191 |      0 |   1 |  374.0 |
               +--------+--------+--------+--------+--------+-----+--------+

Top non-repeatable levels by time:
       D: 374 daAuts
